 Dungeon Crawl Stone Soup version 0.30.1 (webtiles) character file.

Game seed: 7550691264081209332

11138 GloriousHammer the Covert (level 11, -2/58 HPs)
             Began as a Vine Stalker Brigand on July 7, 2023.
             Was a Believer of Uskayaw.
             Succumbed to a black mamba's poison
             ... on level 1 of the Lair of Beasts.
             The game lasted 00:38:02 (12727 turns).

GloriousHammer the Covert (Vine Stalker Brigand)   Turns: 12727, Time: 00:38:02

Health: -2/58      AC:  8    Str: 14    XL:     11   Next: 73%
Magic:  8/15       EV: 14    Int: 11    God:    Uskayaw [**....]
Gold:   93         SH:  5    Dex: 20    Spells: 10/10 levels left

rFire   . . .        W - +2 quick blade (venom)
rCold   . . .        (no shield)
rNeg    . . .        U - +0 ring mail {rPois}
rPois   +            F - +0 helmet
rElec   .            c - +0 cloak
rCorr   .            T - +0 pair of gloves
SInv    +            (no boots)
Will    +....        N - amulet of reflection
Stlth   ++++         L - ring of flight
HPRegen 1.09/turn    v - ring of see invisible
MPRegen 0.14/turn

%: reflection, guardian spirit
@: lethally poisoned (-2 -> -9), attractive, flying, studying Shields
A: fangs 3, regeneration 1, magic shield, antimagic bite, no potion heal 2
a: Renounce Religion, Stomp, Line Pass


You were on level 1 of the Lair of Beasts.
You worshipped Uskayaw.
Uskayaw was noncommittal.
You visited 3 branches of the dungeon, and saw 13 of its levels.
You also visited: Bailey.

You collected 769 gold pieces.
You spent 676 gold pieces at shops.

Inventory:

Hand Weapons
 b - a +0 sling
 W - a +2 quick blade of venom (weapon)
Missiles
 d - 19 poisoned darts (quivered)
 e - 2 curare-tipped darts
 P - 13 boomerangs
 S - 3 silver boomerangs
Armour
 c - a +0 cloak (worn)
 D - a +2 robe of willpower
 F - a +0 helmet (worn)
 O - a +0 kite shield
 T - a +0 pair of gloves (worn)
 U - a +0 ring mail of poison resistance (worn)
Jewellery
 v - a ring of see invisible (right hand)
 C - an amulet of regeneration
 L - a ring of flight (left hand)
 N - an amulet of reflection (around neck)
 Q - an amulet of the acrobat
 R - a ring of resist corrosion
Wands
 a - a wand of polymorph (13)
 k - a wand of flame (40)
 y - a wand of iceblast (3)
 M - a wand of paralysis (3)
 V - a wand of digging (2)
Scrolls
 h - 2 scrolls of brand weapon
 j - 6 scrolls of teleportation
 m - 3 scrolls of fog
 n - 2 scrolls of amnesia
 o - a scroll of enchant armour {unknown}
 q - a scroll of silence {unknown}
 x - 4 scrolls of fear
 B - 2 scrolls of vulnerability
 E - a scroll of enchant weapon {unknown}
 I - 3 scrolls of identify
 K - 2 scrolls of noise {unknown}
Potions
 f - 3 potions of attraction
 g - 2 potions of lignification {unknown}
 i - 3 potions of heal wounds
 l - 2 potions of experience {unknown}
 p - 2 potions of might {unknown}
 r - 5 potions of curing {unknown}
 s - 3 potions of flight
 t - 2 potions of magic {unknown}
 u - a potion of berserk rage {unknown}
 w - 4 potions of mutation {unknown}
 z - a potion of resistance
 A - 6 potions of haste
 G - 5 potions of invisibility {unknown}
 H - a potion of cancellation {unknown}
 J - 2 potions of brilliance {unknown}


   Skills:
 + Level 6.8 Fighting
 - Level 8.0 Short Blades
 - Level 8.0 Throwing
 + Level 5.9 Dodging
 + Level 10.8 Stealth
 + Level 3.7 Shields
 + Level 5.1 Invocations


You had 10 spell levels left.
You didn't know any spells.
Your spell library contained the following spells:

 Spells                   Type           Power      Damage    Failure   Level
 Apportation              Tloc           0%         N/A       58%         1
 Necrotise                Necr           0%         1d4       58%         1
 Summon Small Mammal      Summ           0%         N/A       58%         1
 Ozocubu's Armour         Ice            0%         N/A       91%         3
 Manifold Assault         Tloc           0%         N/A       100%        4
 Dispersal                Tloc           0%         N/A       100%        6
 Ozocubu's Refrigeration  Ice            0%         4d7       100%        7
 Disjunction              Tloc           0%         N/A       100%        8


Dungeon Overview and Level Annotations

Branches:
Dungeon (10/15)            Temple (1/1) D:6            Lair (2/5) D:8
    Orc (0/2) D:9          Bailey (visited)
  Swamp: Lair:2-3    Shoals: Lair:2-3     Snake: Lair:2-3    Spider: Lair:2-3

Altars:
Ashenzari
Cheibriados
Dithmenos
Elyvilon
Fedhas
Gozag
Hepliaklqana
Kikubaaqudgha
Makhleb
Nemelex Xobeh
Okawaru
Qazlal
Ru
Sif Muna
Trog
Uskayaw
Vehumet
Wu Jian
Xom
Yredelemnul
Zin
The Shining One

Shops:
D:4 *   D:10 *:(*

Portals:
Abyss: Lair:1

Annotations:
D:2 exclusion: 2 gnolls
D:6 exclusion: downstairs
D:7 exclusion: 2 two-headed ogres
D:9 exclusions: acid dragon, cyclops, gargoyle and wizard
Lair:1 2 transporters, exclusion: downstairs, BananaMan's ghost, novice MiFi


Innate Abilities, Weirdness & Mutations

You have razor-sharp teeth.
Your natural rate of healing is unusually fast.
When hurt, damage is shared between your health and your magic reserves.
Your bite disrupts and absorbs the magic of your enemies.
Potions cannot restore your health.


Message History

You bite the elephant. You drain its power.
You feel invigorated.
The elephant is severely wounded.
You hit the elephant. You bite the elephant. You drain its power.
The elephant is severely wounded.
The elephant closely misses you. You block the elephant's attack.
You hit the elephant but do no damage.
The elephant looks as sick as possible!
You bite the elephant, but do no damage.
The elephant is severely wounded.
The elephant attacks as you move away! The elephant misses you.
The elephant trunk-slaps you.
You hit the elephant but do no damage.
The elephant looks as sick as possible!
The elephant is severely wounded.
The elephant attacks as you move away!
The elephant tramples you but does no damage.
The elephant barely misses you.
There is a stone staircase leading up here.
The elephant tramples you!
You are shoved backwards!
You stop ascending the stairs.
You hit the elephant.
You bite the elephant, but do no damage.
The elephant is almost dead.
The elephant tramples you!
You are shoved backwards!
You hit the elephant but do no damage.
The elephant is almost dead.
You hit the elephant but do no damage. You bite the elephant.
You drain its power.
You feel invigorated.
The elephant is almost dead.
You hit the elephant but do no damage.
The elephant looks as sick as possible!
You bite the elephant. You drain its power.
You feel invigorated.
The elephant is almost dead.
You hit the elephant.
You kill the elephant!
Your Shields skill increases to level 3!
A yak comes into view.
You hit the elephant but do no damage.
The elephant is poisoned.
You bite the elephant. You drain its power.
The elephant is lightly wounded.
The yak bellows!
You hit the elephant. You bite the elephant. You drain its power.
The elephant is lightly wounded.
Uskayaw will force your foes to helplessly watch your dance.
Uskayaw prepares the audience for your solo!
The helpless elephant fails to defend itself.
You perforate the elephant like a sieve!!!
You kill the elephant!
Your Invocations skill increases to level 5!
You see here an elephant corpse.
You hit the elephant but do no damage.
The elephant is poisoned.
You bite the elephant. You drain its power.
The elephant is lightly wounded.
You hit the elephant.
The elephant looks even sicker.
The elephant is lightly wounded.
You hit the elephant but do no damage.
The elephant looks as sick as possible!
The elephant is lightly wounded.
The elephant tramples you!
You hold your ground!
The elephant closely misses you.
You hit the elephant.
The elephant looks as sick as possible!
You bite the elephant, but do no damage.
The elephant is lightly wounded.
Uskayaw will force your foes to share their pain.
The elephant tramples you.
You are shoved backwards!
Uskayaw links your audience in an emotional bond!
You hit the elephant but do no damage.
You bite the elephant, but do no damage.
The elephant is lightly wounded.
A komodo dragon comes into view.
The komodo dragon hisses angrily.
You hit the elephant. You bite the elephant. You drain its power.
You feel invigorated.
The elephant is moderately wounded.
You hit the elephant but do no damage.
The elephant looks as sick as possible!
The elephant is moderately wounded.
The elephant barely misses you. The elephant closely misses you.
You hit the elephant but do no damage. You bite the elephant.
You drain its power.
The elephant is moderately wounded.
You hit the elephant but do no damage.
The elephant looks as sick as possible!
You bite the elephant, but do no damage.
The elephant is moderately wounded.
Uskayaw prepares the audience for your solo!
The helpless elephant fails to defend itself.
You stick the elephant like a pincushion!!!
You kill the elephant!
Training target 8.0 for Short Blades reached!
Your Short Blades skill increases to level 8!
A yak comes into view.
The komodo dragon is no longer paralysed.
The yak is no longer paralysed.
There is a stone staircase leading up, spattered with blood here.
The yak is no longer sharing its pain.
You fly upwards.
Level annotation: 2 transporters, BananaMan's ghost, novice MiFi
There is a stone staircase leading down here.
You start resting.
HP restored.
You start waiting.
Done waiting.
Press: ? - help, v - describe, . - travel A stone staircase leading down.
Placed new exclusion.
Reduced exclusion size to a single square.
There is a stone staircase leading down here.
You fly downwards.
The blink frog croaks.
The blink frog gives a loud, deep croak!
The blink frog croaks. x2; The bullfrog gives a loud, deep croak!
Found 14 gold pieces, a blue potion and 2 smoky dark potions.
There is a stone staircase leading up here.
Found a scroll of identify.
The blink frog hits you!
The blink frog blinks! x2
You hit the blink frog but do no damage.
The blink frog is poisoned.
You bite the blink frog!
The blink frog's magic leaks into the air.
You drain its magic.
You feel invigorated.
The blink frog is moderately wounded.
The blink frog's magic is no longer disrupted.
The blink frog blinks!
The blink frog blinks! x2
There is a stone staircase leading up here.
The blink frog blinks!
The blink frog hits you.
The blink frog blinks!
The blink frog hits you but does no damage.
The blink frog blinks!
The blink frog attacks as you move away!
The blink frog barely misses you. The blink frog hits you.
You closely miss the blink frog.
You bite the blink frog, but do no damage.
The bullfrog swells and bulges.
Something hits the plant.
The plant begins to die.
The blink frog blinks! x2
Something hits the plant.
The plant begins to die.
The blink frog hits the plant!!
The black mamba bites you!
There is a stone staircase leading up, spattered with blood here.
The blink frog blinks!
You block the black mamba's attack.
The blink frog blinks! x3
You fly upwards.
Level annotation: 2 transporters, exclusion: downstairs, BananaMan's ghost, novice MiFi
There is a stone staircase leading down here.
You closely miss the black mamba. Your bite misses the black mamba.
The black mamba bites you!
You hit the black mamba.
The black mamba is poisoned.
The black mamba is lightly wounded.
The black mamba barely misses you.
You hit the black mamba. Your bite misses the black mamba.
The black mamba is moderately wounded.
You closely miss the black mamba.
You bite the black mamba, but do no damage.
The black mamba is moderately wounded.
The black mamba bites you!
You miss the black mamba.
The black mamba is moderately wounded.
You barely miss the black mamba. Your bite misses the black mamba.
The black mamba is moderately wounded.
The black mamba bites you.
Unknown command.
You hit the black mamba. You bite the black mamba. You drain its power.
You feel invigorated.
The black mamba is heavily wounded.
You miss the black mamba.
The black mamba is heavily wounded.
You block the black mamba's attack.
You barely miss the black mamba. Your bite misses the black mamba.
The black mamba is heavily wounded.
You completely miss the black mamba. Your bite misses the black mamba.
The black mamba is heavily wounded.
The black mamba misses you.
You completely miss the black mamba.
The black mamba is moderately wounded.
You hit the black mamba but do no damage.
The black mamba looks as sick as possible!
Your bite misses the black mamba.
The black mamba is moderately wounded.
The black mamba bites you.
* * * LOW HITPOINT WARNING * * *
You are poisoned.
The black mamba poisons you!
You puncture the black mamba! You bite the black mamba. You drain its power.
You feel invigorated.
The black mamba is severely wounded.
* * * LOW HITPOINT WARNING * * *
You feel sick.
You can now pass through a line of other dancers.
You completely miss the black mamba.
The black mamba is severely wounded.
* * * LOW HITPOINT WARNING * * *
You feel sick. The black mamba bites you!
* * * LOW HITPOINT WARNING * * *
Okay, then.
You hit the black mamba. You bite the black mamba. You drain its power.
You feel invigorated.
The black mamba is almost dead.
* * * LOW HITPOINT WARNING * * *
You feel sick.
You hit the black mamba. You bite the black mamba.
You kill the black mamba!
* * * LOW HITPOINT WARNING * * *
You feel sick.
It was a potion of heal wounds.
That seemed strangely inert.
* * * LOW HITPOINT WARNING * * *
You feel very sick.
It was a potion of attraction.
You feel attractive to monsters.
You die...

## ###.### .## ###.#...#
..# #.......## #.#
###....#.# #.## ##....##
#..# ### ####.....# ##.#
#####.###P#..##..#
##.####.........†.#.####
#.....#.........@.###
..###...............##
.P# #................##
### ##P#..............#
###.............##
#>.............##
#P..........<...#
##..............#
#.............##


There were no monsters in sight!

Vanquished Creatures
  Pikel (D:9)
  7 elephants
  A black mamba (Lair:1)
  A cane toad (Lair:1)
  2 kobold demonologists
  An unseen horror (D:10)
  A komodo dragon (Lair:1)
  Psyche (D:9)
  A hornet (D:9)
  3 wyverns
  A wraith (D:10)
  Grum (D:9)
  A basilisk (Lair:1)
  9 yaks
  4 water moccasins (Lair:1)
  2 black bears
  10 orc warriors
  A swamp drake (D:9)
  2 centaurs
  2 ogres
  A lemure (D:9)
  2 wolves (D:9)
  A phantom (D:4)
  A kobold brigand (D:10)
  3 bullfrogs
  3 gnoll sergeants
  A scorpion (Lair:1)
  A killer bee (Bailey)
  2 electric eels
  A howler monkey (D:8)
  5 jellies
  9 orc priests
  A gnoll bouda (D:5)
  A hound (D:7)
  4 iguanas
  12 orc wizards
  9 adders
  23 gnolls
  A worm (D:4)
  5 dart slugs
  69 orcs
  8 ball pythons
  7 bats
  6 endoplasms
  3 giant cockroaches
  13 goblins
  4 hobgoblins
  5 jackals
  8 kobolds
  4 quokkas
  6 frilled lizards
  12 rats
283 creatures vanquished.

Notes
Turn   | Place    | Note
-------+----------+-------------------------------------------
     0 | D:1      | GloriousHammer the Vine Stalker Brigand began the quest for
                  | the Orb.
     0 | D:1      | Reached XP level 1. HP: 11/11 MP: 2/2
    98 | D:1      | Reached skill level 5 in Stealth
   132 | D:1      | Reached XP level 2. HP: 8/15 MP: 0/3
   477 | D:1      | Reached XP level 3. HP: 17/18 MP: 4/4
  1562 | D:2      | Gained mutation: Your natural rate of healing is unusually
                  | fast. [Vine Stalker growth]
  1562 | D:2      | Reached XP level 4. HP: 23/23 MP: 5/5
  2201 | D:3      | Reached skill level 6 in Stealth
  2307 | D:3      | Found a faded altar of an unknown god.
  2373 | D:3      | Found a burning altar of Makhleb.
  2373 | D:3      | Noticed an Executioner
  2393 | D:3      | Found a faded altar of an unknown god.
  2433 | D:3      | Reached XP level 5. HP: 26/26 MP: 6/6
  2589 | D:3      | Found a hazy altar of Hepliaklqana.
  2742 | D:4      | Noticed an ogre
  2751 | D:4      | Killed an ogre
  2763 | D:4      | Reached XP level 6. HP: 25/30 MP: 5/7
  2870 | D:4      | Found Yfoifuik's Lightly-Used Armoury.
  2898 | D:4      | Noticed a black bear
  2929 | D:4      | Killed a black bear
  2930 | D:4      | Reached skill level 7 in Stealth
  3111 | D:4      | Found a shimmering altar of Xom.
  3190 | D:4      | Found a bloodstained altar of Trog.
  3190 | D:4      | Found an ancient bone altar of Kikubaaqudgha.
  3193 | D:4      | Found a glowing silver altar of Zin.
  3194 | D:4      | Found a shimmering blue altar of Sif Muna.
  3309 | D:4      | Reached XP level 7. HP: 34/34 MP: 8/8
  3357 | D:5      | Entered Level 5 of the Dungeon
  3680 | D:5      | Reached skill level 8 in Stealth
  3979 | D:5      | Reached skill level 1 in Dodging
  4425 | D:5      | Gained mutation: You have razor-sharp teeth. [Vine Stalker
                  | growth]
  4425 | D:5      | Reached XP level 8. HP: 12/39 MP: 5/9
  5024 | D:6      | Reached skill level 5 in Throwing
  5082 | D:6      | Reached skill level 5 in Short Blades
  5367 | D:6      | Found an ornate altar of the Wu Jian Council.
  5527 | D:6      | Found a staircase to the Ecumenical Temple.
  5600 | Temple   | Entered the Ecumenical Temple
  5609 | Temple   | Became a worshipper of Uskayaw the Reveller
  5780 | D:6      | Reached * piety under Uskayaw
  6055 | D:7      | Noticed a yak
  6055 | D:7      | Noticed a yak
  6055 | D:7      | Noticed a yak
  6055 | D:7      | Noticed a yak
  6124 | D:6      | Reached ** piety under Uskayaw
  6126 | D:6      | Killed a yak
  6126 | D:6      | Reached *** piety under Uskayaw
  6129 | D:7      | Killed a yak
  6129 | D:7      | Reached **** piety under Uskayaw
  6130 | D:7      | Killed a yak
  6131 | D:7      | Reached XP level 9. HP: 9/45 MP: 2/10
  6137 | D:7      | Reached ***** piety under Uskayaw
  6176 | D:7      | You fall into a shaft and drop 2 floors!
  6216 | D:9      | Noticed Psyche
  6355 | D:8      | Found a staircase to the Lair.
  6447 | D:7      | Found a flagged portal.
  6465 | Bailey   | Entered a bailey
  7157 | D:7      | HP: 2/43 [gnoll sergeant/+0 trident (6)]
  7560 | D:7      | Noticed a two-headed ogre
  7560 | D:7      | Noticed a two-headed ogre
  7908 | D:8      | Found a snail-covered altar of Cheibriados.
  8615 | Lair:1   | Entered Level 1 of the Lair of Beasts
  8681 | D:9      | Killed Psyche
  8682 | D:9      | Reached skill level 1 in Invocations
  8766 | D:9      | Noticed Grum
  8794 | D:9      | Killed Grum
  8795 | D:9      | Reached skill level 5 in Fighting
  8795 | D:9      | Reached XP level 10. HP: 25/51 MP: 5/12
  9092 | D:9      | Reached skill level 9 in Stealth
  9216 | D:9      | Noticed a kobold demonologist
  9219 | D:9      | Killed a kobold demonologist
  9245 | D:9      | Noticed a cyclops
  9247 | D:9      | Noticed a wizard
  9369 | D:9      | Noticed Pikel
  9389 | D:9      | Killed Pikel
  9447 | D:9      | Noticed a gargoyle
  9534 | D:9      | Found a staircase to the Orcish Mines.
 10270 | D:10     | Entered Level 10 of the Dungeon
 10504 | D:10     | Reached skill level 5 in Dodging
 10583 | D:10     | Noticed a kobold demonologist
 10590 | D:10     | Killed a kobold demonologist
 10662 | D:10     | Noticed an unseen horror
 10683 | D:10     | Killed an unseen horror
 10888 | D:10     | Reached XP level 11. HP: 56/56 MP: 13/15
 10897 | D:10     | Reached skill level 10 in Stealth
 10899 | D:10     | Reached ****** piety under Uskayaw
 11092 | D:10     | Found Povofuc's General Store.
 11093 | D:10     | Found Qyosch's Antique Weapon Shop.
 11094 | D:10     | Found Reirat's Book Emporium.
 11094 | D:10     | Found Wurowar's General Store.
 11121 | D:10     | Bought a scroll of acquirement for 676 gold pieces
 11121 | D:10     | Acquired a manual of Shields
 11343 | Lair:1   | Reached skill level 1 in Shields
 11555 | Lair:1   | Noticed a worldbinder
 11589 | Lair:1   | Noticed a white very ugly thing
 11946 | Lair:1   | Found a transporter.
 11950 | Lair:1   | Found a transporter.
 11953 | Lair:1   | Noticed BananaMan's ghost (novice MiFi)
 12022 | Lair:1   | Noticed a green ugly thing
 12022 | Lair:1   | Noticed a spriggan rider
 12034 | Lair:1   | Noticed a white ugly thing
 12129 | Lair:1   | Acquired a +2 quick blade of venom
 12358 | Lair:1   | Found a one-way gate to the infinite horrors of the Abyss.
 12550 | Lair:2   | Reached skill level 5 in Invocations
 12726 | Lair:1   | HP: 1/58 [poisoned by a black mamba]
 12727 | Lair:1   | Succumbed to a black mamba's poison

Illustrated notes

Levels and vault maps discovered:
D:1:      matt_arrival_refuge, layout_basic, minmay_lizard_pond
D:2:      layout_basic, minmay_misc_feat_encased, serial_park_tiny_pond
D:3:      layout_loops_ring, nicolae_overflow_ecumenical_swirl,
          makhleb_altar_promises_db, shapermc_ecumenical_altar_gd
D:4:      layout_rooms, overflow_temple_1_default, mainiacjoe_overflow_alcove_3,
          minmay_shop_damaged
D:5:      layout_basic, serial_glass, glass_columns_a, glass_columns_a
D:6:      layout_loops_ring, amcnicky_altar_gilded, temple_hall
D:7:      layout_rooms, enter_bailey_5, kennysheep_another_room,
          hangedman_abyss_or_decor_passed, minmay_misc_feat_five,
          hellmonk_guarded_unrand_gyre_and_gimble
D:8:      layout_loops_ring, lemuel_tele_altar, lair_entry_dummy
D:9:      minmay_tri_box, layout_irregular_city, erik_orc_1, uniq_pikel,
          uniq_grum, uniq_psyche
D:10:     layout_roguey [special_room_orc], small_statue_intersection,
          nicolae_wooded_promenade, nicolae_titane
Temple:   dshaligram_water_room_temple
Lair:1:   layout_cave_pods, gammafunk_ghost_abyssal_escape, serial_bayou_pond_b,
          minivault_11
Lair:2:   layout_chaotic_city, nicolae_swamp_entry_spooky

Skill      XL: |  1  2  3  4  5  6  7  8  9 10 11 |
---------------+----------------------------------+-----
Stealth        | 5 6 7 8 9 10 | 10.8
Throwing       | 2 3 4 5 6 7 8 |  8.0
Short Blades   | 2 3 4 5 6 7 8 |  8.0
Fighting       | 2 3 5 6 |  6.8
Dodging        | 1 3 4 5 |  5.9
Invocations    | 1 4 5 |  5.1
Shields        | 3 |  3.7

Action                     |  1- 3 |  4- 6 |  7- 9 | 10-12 || total
---------------------------+-------+-------+-------+-------++-------
  Melee: Dagger            |    98 |   147 |    23 |       ||   268
         Bite              |    12 |    40 |   103 |   152 ||   307
         Punch             |     1 |     5 |     3 |     6 ||    15
         Short sword       |       |       |   291 |   346 ||   637
         Quick blade       |       |       |       |    60 ||    60
  Throw: Dart              |       |     2 |    23 |    13 ||    38
         Boomerang         |       |       |       |     5 ||     5
  Evoke: Wand              |       |       |     3 |     1 ||     4
    Use: Scroll            |       |       |    10 |     2 ||    12
         Potion            |       |       |       |     2 ||     2
   Stab: Sleeping          |     9 |    10 |    18 |     8 ||    45
         Distracted        |       |     1 |       |       ||     1
         Paralysed         |       |       |     8 |    16 ||    24
 Armour: Robe              |    10 |       |     7 |    26 ||    43
         Ring mail         |    25 |    85 |    24 |    27 ||   161
         Leather armour    |       |       |    18 |       ||    18
  Dodge: Dodged            |    72 |    74 |   178 |   158 ||   482
  Block: Other             |       |       |    11 |    62 ||    73
